 Dungeon Crawl Stone Soup version 0.31-a0-662-g684573625c (webtiles) character file.

Game seed: 7591491685134052255

43 Xavori the Trooper (level 3, -1/26 (28) HPs)
             Began as an Octopode Chaos Knight on Sept 1, 2023.
             Was a Plaything of Xom.
             Killed from afar by Natasha (4 damage)
             ... with a magic dart
             ... on level 2 of the Dungeon.
             The game lasted 00:01:42 (10230 turns).

Xavori the Trooper (Octopode Chaos Knight)         Turns: 10230, Time: 00:01:43

HP:   -1/26 (28)    AC:  1    Str: 13    XL:     3   Next: 58%
MP:   3/3           EV: 13    Int: 16    God:    Xom [..*...]
Gold: 72            SH:  4    Dex: 15    Spells: 2/2 levels left

rFire   . . .        a - +0 short sword (chaos)
rCold   . . .        f - +0 buckler
rNeg    . . .        (helmet restricted)
rPois   .            (no amulet)
rElec   .            (no ring)
rCorr   .            (no ring)
SInv    .            (no ring)
Will    .....        (no ring)
Stlth   +++          (no ring)
HPRegen 0.24/turn    (no ring)
MPRegen 0.08/turn    (no ring)
                     (no ring)

%: clarity
@: mighty, slowed, drained, very slow
A: almost no armour, amphibious, 8 rings, camouflage 1, gelatinous body 1,
(nimble swimmer 1), tentacles, agile 1, clarity, clever 1, sense surroundings 1,
robust 1, strong 1, wild magic 2, MP-powered wands
a: Renounce Religion


You were on level 2 of the Dungeon.
You worshipped Xom.
You were a toy of Xom.
You visited 1 branch of the dungeon, and saw 2 of its levels.

You collected 72 gold pieces.

Inventory:

Hand Weapons
 a - a +0 short sword of chaos (weapon)
Armour
 f - a +0 buckler (worn)
Wands
 g - a wand of flame (11)
Scrolls
 b - a scroll of butterflies
 e - a scroll of teleportation {unknown}


   Skills:
 + Level 3.5 Fighting
 + Level 3.4 Short Blades
 + Level 2.6 Dodging
 + Level 1.7 Stealth
 * Level 0.5 Evocations


You had 2 spell levels left.
You didn't know any spells.
Your spell library contained the following spells:

 Spells                   Type           Power      Damage    Failure   Level
 Necrotise                Necr           0%         1d4       52%         1
 Vampiric Draining        Necr           0%         2d6       85%         3
 Agony                    Necr           0%         N/A       100%        5


Dungeon Overview and Level Annotations

Branches:
Dungeon (2/15)

Altars:
Xom

Annotations:
D:2 Natasha


Innate Abilities, Weirdness & Mutations

You cannot wear most types of armour.
You are amphibious.
You can wear up to eight rings at the same time.
Your skin changes colour to match your surroundings (Stealth+).
Your rubbery body absorbs attacks. (AC +1, EV +1)
((You are camouflaged when in or above water. (Stealth+)))
You have tentacles for arms and can constrict up to eight enemies at once.
You are agile. (Dex +4, Str/Int -1)
You possess an exceptional clarity of mind.
Your mind is acute. (Int +4, Str/Dex -1)
You passively map a small area around you.
You are robust. (+10% HP)
Your muscles are strong. (Str +4, Int/Dex -1)
Your spells are harder to cast, but more powerful.
You expend magic power (3 MP) to strengthen your wands.


Message History

The hobgoblin barely misses you.
You barely miss the hobgoblin. You grab the hobgoblin.
You constrict the hobgoblin, but do no damage.
You block the hobgoblin's attack.
You hit the hobgoblin. You freeze the hobgoblin.
The hobgoblin is heavily wounded.
You constrict the hobgoblin.
Natasha casts a spell.
The hobgoblin hits you.
* * * LOW HITPOINT WARNING * * *
It was a potion of might.
You feel very mighty all of a sudden.
Xom roars with laughter!
You constrict the hobgoblin, but do no damage.
Natasha casts a spell.
You block the hobgoblin's attack.
It was a potion of curing.
You feel better.
Xom roars with laughter!
You constrict the hobgoblin. The hobgoblin hits you.
You puncture the hobgoblin! You freeze the hobgoblin.
You kill the hobgoblin!
Natasha casts a spell at you.
You feel yourself slow down.
You barely miss the hobgoblin. Your grab misses the hobgoblin.
The hobgoblin barely misses you.
You puncture the hobgoblin!
You kill the hobgoblin!
Natasha stares at you and mumbles some strange words.
The magic dart hits you.
* * * LOW HITPOINT WARNING * * *
You feel your dexterity returning.
You hit the goblin.
You kill the goblin!
You hit the endoplasm.
You kill the endoplasm!
Natasha casts a spell at you. The magic dart hits you.
You die...
Natasha begins licking her fur clean.
Xom howls with laughter!

#. .... * * * * #,**
###.#* , ,. ### , , * ,,
#.. , * *, ,#.# , , #.#
* * #.#. , *#.# *
*###.#.##### ##.#.* #.#
,.......@hK# #...# #.#
###$#.###.# #...# #.. *
. #......# #...# ###
...#.#.#.h# #...# * ,
......)#.J####...######
......†h..............##
...##...................
, #.##........######## ,
,......#####..#


You could see Natasha and a kobold.

Vanquished Creatures
  An adder (D:2)
  A dart slug (D:1)
  An endoplasm (D:2)
  5 goblins
  7 hobgoblins
  A quokka (D:1)
  5 ball pythons
  3 bats (D:1)
  2 frilled lizards (D:1)
  2 kobolds
  2 rats
30 creatures vanquished.

Vanquished Creatures (collateral kills)
  A kobold (D:1)
1 creature vanquished.

Grand Total: 31 creatures vanquished

Notes
Turn   | Place    | Note
-------+----------+-------------------------------------------
     0 | D:1      | Xavori the Octopode Chaos Knight began the quest for the
                  | Orb.
     0 | D:1      | Reached XP level 1. HP: 16/16 MP: 1/1
   345 | D:1      | Reached XP level 2. HP: 16/21 MP: 2/2
   684 | D:1      | Reached skill level 1 in Stealth
  1441 | D:1      | XOM is BORED!
  1441 | D:1      | XOM: give mutation
  1441 | D:1      | Gained mutation: You have hidden genetic defects. [Xom's
                  | mischief]
  1845 | D:1      | XOM: silly message
  1846 | D:1      | XOM: summons 2 hostile demons
  2483 | D:1      | XOM: stat loss: -1 Dex (10/11)
  2556 | D:1      | XOM: summons 2 hostile demons
  2557 | D:1      | Noticed a crimson imp
  2834 | D:2      | XOM: 5-stop teleportation journey
  2859 | D:2      | Reached XP level 3. HP: 26/26 MP: 3/3
  2873 | D:1      | Gained mutation: Your body sometimes deteriorates upon
                  | taking damage. [hidden defects]
  2903 | D:1      | XOM: give mutation
  2903 | D:1      | Gained mutation: Your spells are a little harder to cast,
                  | but a little more powerful. [Xom's mischief]
  3095 | D:1      | XOM: god gift: robe {god gift}
  3290 | D:1      | XOM is BORED!
  3290 | D:1      | XOM: torment (14/26 hp)
  4277 | D:1      | XOM: god gift: scroll labelled MINIAHO LUROI {god gift}
  4542 | D:1      | XOM: scenery: summon butterflies
  4960 | D:1      | XOM: give mutations
  4960 | D:1      | Gained mutation: You passively map a small area around you.
                  | [Xom's grace]
  4960 | D:1      | Gained mutation: Your spells are harder to cast, but more
                  | powerful. [Xom's grace]
  5113 | D:1      | XOM: give mutations
  5113 | D:1      | Gained mutation: You expend magic power (3 MP) to
                  | strengthen your wands. [Xom's grace]
  5113 | D:1      | Gained mutation: Your mind is acute. (Int +4, Str/Dex -1)
                  | [Xom's grace]
  5113 | D:1      | Gained mutation: Your muscles are strong. (Str +4, Int/Dex
                  | -1) [Xom's grace]
  5559 | D:1      | XOM: god gift: shiny chain mail {god gift}
  5821 | D:1      | XOM: god gift: gold wand {god gift}
  6940 | D:1      | XOM: noise
  7164 | D:1      | XOM: give mutations
  7164 | D:1      | Gained mutation: You possess an exceptional clarity of
                  | mind. [Xom's grace]
  7164 | D:1      | Gained mutation: You are agile. (Dex +4, Str/Int -1) [Xom's
                  | grace]
  7164 | D:1      | Gained mutation: Your spells are much harder to cast, but
                  | much more powerful. [Xom's grace]
  7164 | D:1      | Gained mutation: You are robust. (+10% HP) [Xom's grace]
  7427 | D:1      | XOM is BORED!
  7522 | D:1      | XOM: cloud trail
  7633 | D:1      | XOM: scenery: create altars
  8052 | D:1      | XOM: god gift: club {god gift}
  8270 | D:1      | XOM: scenery: summon butterflies
  8546 | D:1      | XOM: draining
  8720 | D:1      | XOM: give mutation
  8720 | D:1      | Lost mutation: Your body sometimes deteriorates upon taking
                  | damage. [Xom's mischief]
  8728 | D:1      | XOM: god gift: robe {god gift}
  9515 | D:1      | XOM is BORED!
 10194 | D:2      | Lost mutation: Your spells are much harder to cast, but
                  | much more powerful. [hidden defects]
 10194 | D:2      | Lost mutation: You have hidden genetic defects. [hidden
                  | defects expressed]
 10207 | D:2      | Noticed Natasha
 10230 | D:2      | Killed from afar by Natasha

Illustrated notes

Levels and vault maps discovered:
D:1:      lightli_arrival_quake, layout_loops_corners,
          hangedman_decor_diamond_cutter
D:2:      layout_loops_cross, st_stairs_5, uniq_natasha, uniq_crazy_yiuf_cottage

Skill      XL: |  1  2 |
---------------+-------+-----
Stealth        | 1 |  1.7
Fighting       | |  3.5
Short Blades   | |  3.4
Dodging        | |  2.6
Evocations     | |  0.5

Action                     || total
---------------------------++-------
  Melee: Short sword       ||    57
         Constrict         ||    16
         Tentacles         ||     9
         Punch             ||     2
    Use: Potion            ||     2
         Scroll            ||     1
   Stab: Sleeping          ||     5
 Armour: Skin              ||    28
  Dodge: Dodged            ||    37
  Block: Buckler           ||     5

Table legend: (Time is in decaauts)
 A = Elapsed time spent in this place.
 B = Non-inter-level travel time spent in this place.
 C = Inter-level travel time spent in this place.
 D = Time resting spent in this place.
 E = Time spent auto-exploring this place.
 F = Levels seen in this place.
 G = Mean time per level.
                   A        B        C        D        E       F      G
               +--------+--------+--------+--------+--------+-----+--------+
         Total |  10226 |  10145 |     81 |   9053 |    886 |   2 | 5113.0 |
       Dungeon |  10226 |  10145 |     81 |   9053 |    886 |   2 | 5113.0 |
               +--------+--------+--------+--------+--------+-----+--------+

Top non-repeatable levels by time:
     D:1: 9473 daAuts
     D:2: 752 daAuts
